 Dungeon Crawl Stone Soup version 0.30-a0-509-gd016549fea (webtiles) character file.

Game seed: 3567111210469825666

437 IdlyInterested the Cudgeller (level 6, -8/47 HPs)
             Began as a Demonspawn Fighter on Dec 22, 2022.
             Mangled by a two-headed ogre
             ... wielding a +0 giant spiked club
              (14 damage)
             ... on level 5 of the Dungeon.
             The game lasted 00:10:34 (3800 turns).

IdlyInterested the Cudgeller (Demonspawn Fighter)   Turns: 3800, Time: 00:10:35

Health: -8/47      AC:  7    Str: 21 (22) XL:     6   Next: 69%
Magic:  6/6        EV: 10    Int: 10      God:
Gold:   263        SH:  4    Dex: 14      Spells: 5/5 levels left

rFire   . . .      SeeInvis .    a - +1 flail (venom)
rCold   . . .      Faith    .    c - +0 buckler
rNeg    . . .      Spirit   .    b - +0 scale mail
rPois   .          Reflect  .    (no helmet)
rElec   .          Harm     .    y - +0 cloak
rCorr   .          Rampage  .    (no gloves)
Will    .....                    (no boots)
Stlth   ..........               (no amulet)
HPRegen 0.27/turn                e - ring of flight
MPRegen 0.10/turn                B - +6 ring of strength

@: attractive, flying
A: foul stench 1, weakness stinger 1
a: no special abilities


You were on level 5 of the Dungeon.
You visited 2 branches of the dungeon, and saw 6 of its levels.

You collected 263 gold pieces.

Inventory:

Hand Weapons
 a - a +1 flail of venom (weapon)
 h - a +2 short sword of draining
 z - the +2 sling of Poxoki {vorpal, rElec rN+ Str+4 Dex-5}
   (You found it on level 4 of the Dungeon)

   Any ammunition fired from it inflicts extra damage upon your enemies.
   Str:       It affects your strength (+4).
   Dex:       It affects your dexterity (-5).
   rElec:     It insulates you from electricity.
   rN:        It protects you from negative energy.
 E - a +2 short sword of venom
Missiles
 j - 55 stones (quivered)
 l - 3 boomerangs
 o - a throwing net
Armour
 b - a +0 scale mail (worn)
 c - a +0 buckler (worn)
 y - a +0 cloak (worn)
Jewellery
 e - a ring of flight (left hand)
 n - an amulet of faith
 B - a +6 ring of strength (right hand)
Wands
 d - a wand of flame (8)
Scrolls
 k - 2 scrolls of blinking
 q - a scroll of teleportation
 r - 2 scrolls of poison
 s - a scroll of immolation
 t - a scroll of magic mapping
 v - a scroll of fog
Potions
 f - a potion of invisibility
 g - 3 potions of curing
 m - a potion of lignification
 p - a potion of attraction
 w - a potion of magic
 x - a potion of haste
 A - a potion of brilliance
 D - a potion of ambrosia


   Skills:
 - Level 3.0 Fighting
 * Level 5.9 Maces & Flails
 - Level 3.0 Armour
 * Level 2.3 Dodging
 - Level 2.6 Shields


You had 5 spell levels left.
You didn't know any spells.
Your spell library contained the following spells:

 Spells                   Type           Power      Damage    Failure   Level
 Magic Dart               Conj           0%         1d3       80%         1
 Call Imp                 Summ           0%         N/A       91%         2
 Ensorcelled Hibernation  Hex/Ice        0%         N/A       91%         2
 Searing Ray              Conj           0%         2d4       91%         2
 Mephitic Cloud           Conj/Pois/Air  0%         N/A       99%         3
 Spider Form              Tmut/Pois      0%         N/A       99%         3
 Anguish                  Hex/Necr       0%         N/A       100%        4
 Fulminant Prism          Conj/Hex       0%         3d5       100%        4


Dungeon Overview and Level Annotations

Branches:
Dungeon (5/15)             Temple (1/1) D:4

Altars:
Ashenzari
Cheibriados
Dithmenos
Fedhas
Kikubaaqudgha
Makhleb
Nemelex Xobeh
Okawaru
Ru
Trog
Vehumet

Shops:
D:2 =


Innate Abilities, Weirdness & Mutations

You may rarely emit foul miasma when damaged in melee.
You have a small tail.


Message History

The white imp is attracted toward you.
The two-headed ogre is attracted toward you.
You feel your intelligence returning.
You closely miss the adder.
The two-headed ogre shouts in stereo!
You block the adder's attack.
An iguana comes into view.
The white imp hits you but does no damage.
The adder bites you. The iguana is attracted toward you.
You miss the adder.
The iguana hisses angrily.
The white imp hits you but does no damage.
The adder barely misses you. The iguana is attracted toward you.
You miss the adder. The adder bites you. The white imp barely misses you.
The adder misses you.
You closely miss the adder. The white imp gestures at you.
The puff of frost hits you!
You thump the two-headed ogre!
The two-headed ogre is poisoned.
The two-headed ogre is lightly wounded.
The white imp hits you. The white imp freezes you.
The two-headed ogre hits you with a +0 giant spiked club.
The two-headed ogre barely misses you. The white imp gestures at you.
The puff of frost hits you.
You sock the two-headed ogre!
The two-headed ogre looks as sick as possible!
The two-headed ogre is moderately wounded.
The white imp laughs crazily.
The white imp barely misses you.
You hit the two-headed ogre but do no damage.
The two-headed ogre looks as sick as possible!
The two-headed ogre is heavily wounded.
The two-headed ogre closely misses you.
The two-headed ogre hits you with a +0 giant club!!
* * * LOW HITPOINT WARNING * * *
The white imp closely misses you.
The two-headed ogre attacks as you move away!
The two-headed ogre hits you with a +0 giant spiked club!
You die...

.# .#.# #.
#.# .#.. ..#
.# #)..# ..#
.# #...#..#
.##
..#...#h#
#..
.......S# ..
#...l5# .#
#l##.#
#.O@.#
#...##
##..##
##....#..#
#....#
........##
#....#
##...#....
##...#
........#
##.##
####......#
##.
.........>##
##
###.........


You could see a two-headed ogre (extremely poisoned) and 2 iguanas.

Vanquished Creatures
  2 necrophages
  2 scorpions
  2 jellies
  A gnoll bouda (D:5)
  Ijyb (D:4)
  2 adders (D:2)
  2 worms
  5 dart slugs
  An orc (D:5)
  5 ball pythons
  3 bats
  2 endoplasms
  3 giant cockroaches
  5 goblins
  7 hobgoblins
  7 kobolds
  3 frilled lizards
  9 rats
62 creatures vanquished.

Notes
Turn   | Place    | Note
-------+----------+-------------------------------------------
     0 | D:1      | IdlyInterested the Demonspawn Fighter began the quest for
                  | the Orb.
     0 | D:1      | Reached XP level 1. HP: 18/18 MP: 1/1
   124 | D:1      | Found a faded altar of an unknown god.
   124 | D:1      | Noticed a great orb of eyes
   141 | D:1      | Noticed a floating eye
   141 | D:1      | Noticed a shining eye
   141 | D:1      | Noticed a golden eye
   183 | D:1      | Reached skill level 2 in Maces & Flails
   191 | D:1      | You fall into a shaft and drop 1 floor!
   211 | D:2      | Gained mutation: You may rarely emit foul miasma when
                  | damaged in melee. [demonic ancestry]
   211 | D:2      | Reached XP level 2. HP: 11/24 MP: 2/2
   444 | D:1      | Reached XP level 3. HP: 29/29 MP: 3/3
   506 | D:1      | Reached skill level 1 in Dodging
  1032 | D:2      | Reached skill level 3 in Maces & Flails
  1412 | D:2      | Found Neschutt's Jewellery Boutique.
  1919 | D:3      | Reached XP level 4. HP: 32/35 MP: 4/4
  2464 | D:4      | Noticed Ijyb
  2474 | D:4      | Killed Ijyb
  2568 | D:4      | Noticed a moth of wrath
  2636 | D:4      | Identified the +2 sling of Poxoki {vorpal, rElec rN+ Str+4
                  | Dex-5}
  2657 | D:4      | Reached skill level 4 in Maces & Flails
  2809 | D:4      | Found a staircase to the Ecumenical Temple.
  2821 | Temple   | Entered the Ecumenical Temple
  3102 | D:4      | Noticed a scorpion
  3107 | D:4      | Killed a scorpion
  3108 | D:4      | Reached XP level 5. HP: 41/41 MP: 5/5
  3136 | D:4      | Reached skill level 5 in Maces & Flails
  3267 | D:4      | Found a bloodstained altar of Trog.
  3520 | D:5      | Entered Level 5 of the Dungeon
  3630 | D:5      | Gained mutation: You have a small tail. [demonic ancestry]
  3630 | D:5      | Reached XP level 6. HP: 27/47 MP: 6/6
  3790 | D:5      | Noticed a two-headed ogre
  3800 | D:5      | Mangled by a two-headed ogre

Illustrated notes

Levels and vault maps discovered:
D:1:      grunt_arrival_crossed_arrows, layout_basic,
          hellmonk_ecumenical_altar_watching_god
D:2:      layout_loops_ring, serial_shops, shop
D:3:      layout_loops_ring
D:4:      layout_cave_pools, tgw_trog, minmay_temple_entry_waves, uniq_ijyb
D:5:      cheibrodos_fzero, layout_basic, nicolae_fountain_basement,
          uniq_crazy_yiuf_cottage, uniq_menkaure
Temple:   grunt_temple_mini_profane

Skill      XL: |  1  2  3  4  5  6 |
---------------+-------------------+-----
Maces & Flails | 2 3 4 5 |  5.9
Armour         | 3 |  3.0
Dodging        | 1 2 |  2.3
Fighting       | |  3.0
Shields        | |  2.6

Action                   |  1- 3 |  4- 6 || total
-------------------------+-------+-------++-------
Melee: Flail             |   119 |    96 ||   215
       Tailslap          |       |     2 ||     2
  Use: Scroll            |    12 |     5 ||    17
       Potion            |     1 |     6 ||     7
Armor: Scale mail        |    52 |    54 ||   106
Dodge: Dodged            |    52 |    70 ||   122
Block: Buckler           |    27 |    29 ||    56

Table legend: (Time is in decaauts)
 A = Elapsed time spent in this place.
 B = Non-inter-level travel time spent in this place.
 C = Inter-level travel time spent in this place.
 D = Time resting spent in this place.
 E = Time spent auto-exploring this place.
 F = Levels seen in this place.
 G = Mean time per level.
                   A        B        C        D        E       F      G
               +--------+--------+--------+--------+--------+-----+--------+
         Total |   3841 |   3311 |    530 |    385 |   1972 |   6 |  640.2 |
       Dungeon |   3625 |   3125 |    500 |    385 |   1791 |   5 |  725.0 |
        Temple |    215 |    185 |     30 |      0 |    181 |   1 |  215.0 |
               +--------+--------+--------+--------+--------+-----+--------+

Top non-repeatable levels by time:
     D:2: 1001 daAuts
     D:1: 872 daAuts
     D:3: 769 daAuts
     D:4: 761 daAuts
     D:5: 220 daAuts
  Temple: 215 daAuts
